 Dungeon Sprint DCSS version 0.31-a0-16-g6d2539766c (webtiles) character file.

Game seed: 5630457587181030987

436 sircluck the Fighter (level 6, -2/59 HPs)
             Began as a Demonspawn Berserker on May 8, 2023.
             Was a Believer of Trog.
             Slain by a centaur warrior (11 damage)
             ... in the Dungeon (Sprint I: "Red Sonja").
             The game lasted 00:01:08 (342 turns).

sircluck the Fighter (Demonspawn Berserker)          Turns: 342, Time: 00:01:08

Health: -2/59      AC:  9    Str: 20    XL:     6   Next: 68%
Magic:  6/6        EV: 13    Int:  8    God:    Trog [**....]
Gold:   310        SH:  0    Dex: 12    Spells: 5/5 levels left

rFire   . . .        k - +2 scythe (protect)
rCold   . . .        (shield currently unavailable)
rNeg    . . .        b - +0 animal skin
rPois   .            (no helmet)
rElec   .            (no cloak)
rCorr   .            (no gloves)
SInv    .            (no boots)
Will    .....        (no amulet)
Stlth   +            (no ring)
HPRegen 0.29/turn    (no ring)
MPRegen 0.10/turn

%: no teleportation
@: under a protective aura
A: powered by death 1, sturdy frame 1, demonic touch 1
a: Renounce Religion, Berserk, Trog's Hand


You were in the Dungeon.
You worshipped Trog.
Trog was pleased with you.
You visited 1 branch You collected 310 gold pieces.

Inventory:

Hand Weapons
 a - a +0 hand axe
 k - a +2 scythe of protection (weapon)
Armour
 b - a +0 animal skin (worn)
Wands
 i - a wand of paralysis (8)
 j - a wand of digging (7)
Scrolls
 h - a scroll of blinking
Potions
 c - a potion of curing
 d - a potion of heal wounds
 e - a potion of haste
 f - 2 potions of magic
 g - a potion of berserk rage


   Skills:
 + Level 9.4 Fighting
 + Level 9.0(9.1) Axes
 + Level 1.5(5.8) Polearms
 + Level 4.3 Armour
 + Level 4.3 Dodging


You had 5 spell levels left.
You didn't know any spells.
Your spell library was empty.

Dungeon Overview and Level Annotations

Branches:
Dungeon (1/1)

Altars:
Cheibriados
Dithmenos
Fedhas
Gozag
Hepliaklqana
Kikubaaqudgha
Nemelex Xobeh
Okawaru
Qazlal
Ru
Sif Muna
Trog
Uskayaw
Vehumet
Wu Jian
Yredelemnul

Shops:
D (


Innate Abilities, Weirdness & Mutations

You regenerate a little health from kills.
Your movements are slightly less encumbered by armour. (ER -2)
Your touch may inflict minor irresistible damage on your foes.


Message History

Unknown command.
Unknown command.
Found an opulent altar of Gozag.
There is an open door, spattered with blood here.
You see here a yak corpse.
Found a sparkling altar of Nemelex Xobeh.
There is an entrance to Paemututent's Weapon Emporium here.
There is an open door, spattered with blood here.
You see here a yak corpse.
There is an ornate altar of the Wu Jian Council here.
You open the door.
A centaur warrior comes into view.
The centaur warrior shouts! x2
The centaur warrior wields a +0 longbow.
The centaur warrior shoots an arrow.
The arrow misses you.
The centaur warrior wields a +0 shortbow.
The centaur warrior shoots an arrow.
The arrow hits you!
Found a potion of haste.
You close the door.
You start resting.
The centaur warrior shoots an arrow.
The arrow hits you!
The centaur warrior unwields a +0 longbow.
The centaur warrior hits you! The centaur warrior kicks you.
The centaur warrior unwields a +0 shortbow.
The centaur warrior hits you!
* * * LOW HITPOINT WARNING * * *
The centaur warrior kicks you.
* * * LOW HITPOINT WARNING * * *
There is a broken door, spattered with blood here.
Unknown command.
You slash the centaur warrior!
Your weapon exudes an aura of protection.
The centaur warrior is lightly wounded.
The centaur warrior hits you but does no damage.
The centaur warrior kicks you but does no damage.
The centaur warrior closely misses you.
The centaur warrior kicks you but does no damage.
The centaur warrior hits you but does no damage.
The centaur warrior closely misses you. The centaur warrior hits you!
You die...

################
#<.#..').#.['..#
#..)..#..'..#..+
#..#####'#####'# #
#..####..#...#=####§§#
#..#__####..##)#§§~§.#
#..#_____##'#_.@c§§§§+
#⌠⌠#_.∩...†..._#c§§§§#
####_..__##_.#'##+####
#_____###+#.# #######
###


You could see 2 centaur warriors.

Vanquished Creatures
  Sigmund (D)
  A yak (D)
  An ogre (D)
  A jelly (D)
  Ijyb (D)
5 creatures vanquished.

Notes
Turn   | Place    | Note
-------+----------+-------------------------------------------
     0 | D        | sircluck the Demonspawn Berserker began the quest for the
                  | Orb.
     0 | D        | Reached XP level 1. HP: 18/18 MP: 1/1
     1 | D        | Noticed Ijyb
     9 | D        | Killed Ijyb
    10 | D        | Gained mutation: Your touch may inflict minor irresistible
                  | damage on your foes. [demonic ancestry]
    10 | D        | Reached XP level 2. HP: 26/26 MP: 2/2
    56 | D        | Noticed an ogre
    60 | D        | Killed an ogre
    61 | D        | Gained mutation: You regenerate a little health from kills.
                  | [demonic ancestry]
    61 | D        | Reached XP level 3. HP: 30/35 MP: 3/3
    61 | D        | Reached XP level 4. HP: 35/41 MP: 4/4
   130 | D        | Noticed Sigmund
   146 | D        | Killed Sigmund
   146 | D        | Reached ** piety under Trog
   147 | D        | Gained mutation: Your movements are slightly less
                  | encumbered by armour. (ER -2) [demonic ancestry]
   147 | D        | Reached XP level 5. HP: 19/49 MP: 5/5
   258 | D        | Found an ornate altar of the Wu Jian Council.
   258 | D        | Found a shimmering blue altar of Sif Muna.
   260 | D        | Found a radiant altar of Vehumet.
   264 | D        | Reached XP level 6. HP: 56/57 MP: 6/6
   266 | D        | Noticed a centaur warrior
   296 | D        | Found Paemututent's Weapon Emporium.
   296 | D        | Found an ancient bone altar of Kikubaaqudgha.
   296 | D        | Found a hazy altar of Hepliaklqana.
   296 | D        | Found a stormy altar of Qazlal.
   296 | D        | Found a hide-covered altar of Uskayaw.
   296 | D        | Found a blossoming altar of Fedhas.
   296 | D        | Found a bloodstained altar of Trog.
   296 | D        | Found an iron altar of Okawaru.
   296 | D        | Found a basalt altar of Yredelemnul.
   296 | D        | Found a snail-covered altar of Cheibriados.
   296 | D        | Found a sacrificial altar of Ru.
   296 | D        | Found a shadowy altar of Dithmenos.
   296 | D        | Noticed a yak
   300 | D        | Killed a yak
   301 | D        | Reached skill level 1 in Polearms
   301 | D        | Found an opulent altar of Gozag.
   302 | D        | Found a sparkling altar of Nemelex Xobeh.
   337 | D        | Noticed a centaur warrior
   342 | D        | Slain by a centaur warrior

Illustrated notes

Levels and vault maps discovered:
D:        dungeon_sprint_1 [red_sonja_temple_1, red_sonja_temple_small_1]

Skill      XL: |  1  2  3  4  5  6 |
---------------+-------------------+-----
Fighting       | 4 6 8 9 |  9.4
Axes           | 4 6 7 8 9 |  9.0
Armour         | 2 3 4 |  4.3
Dodging        | 2 3 4 |  4.3
Polearms       | 1 |  1.5

Action                     |  1- 3 |  4- 6 || total
---------------------------+-------+-------++-------
  Melee: Hand axe          |     9 |    11 ||    20
         Touch             |     1 |     1 ||     2
         Halberd           |       |     7 ||     7
 Invoke: Berserk           |     2 |       ||     2
 Armour: Animal skin       |       |     4 ||     4
  Dodge: Dodged            |       |    10 ||    10

Table legend: (Time is in decaauts)
 A = Elapsed time spent in this place.
 B = Non-inter-level travel time spent in this place.
 C = Inter-level travel time spent in this place.
 D = Time resting spent in this place.
 E = Time spent auto-exploring this place.
 F = Levels seen in this place.
 G = Mean time per level.
                   A        B        C        D        E       F      G
               +--------+--------+--------+--------+--------+-----+--------+
         Total |    361 |    361 |      0 |    172 |     85 |   1 |  361.0 |
       Dungeon |    361 |    361 |      0 |    172 |     85 |   1 |  361.0 |
               +--------+--------+--------+--------+--------+-----+--------+

Top non-repeatable levels by time:
       D: 361 daAuts
